 Dungeon Crawl Stone Soup version 0.27.1 (webtiles) character file.

Game seed: 11609055797439893900

32 Atelerd the Sneak (level 3, 0/21 HPs)
             Began as an Octopode Earth Elementalist on Sept 1, 2021.
             Slain by Sigmund (13 damage)
             ... on level 2 of the Dungeon.
             The game lasted 00:01:50 (1904 turns).

Atelerd the Sneak (Octopode Earth Elementalist)     Turns: 1904, Time: 00:01:50

Health: 0/21       AC:  2    Str:  7    XL:     3   Next: 27%
Magic:  3/6        EV: 13    Int: 18    God:
Gold:   134        SH:  0    Dex: 12    Spells: 5/6 levels left

rFire    . . .     SeeInvis .   d - +1 rapier
rCold    . . .     Faith    .   (no shield)
rNeg     . . .     Spirit   .   i - +1 hat
rPois    .         Reflect  .   (no amulet)
rElec    .         Harm     .   (no ring)
rCorr    .         Rampage  .   (no ring)
Will     .....                  (no ring)
Stlth    +++.......             (no ring)
HPRegen  0.07/turn              (no ring)
MPRegen  0.10/turn              (no ring)
                                (no ring)
                                (no ring)

@: no status effects
A: almost no armour, amphibious, 8 rings, camouflage 1, gelatinous body 1,
(nimble swimmer 1), tentacles
a: no special abilities


You were on level 2 of the Dungeon.
You visited 1 branch of the dungeon, and saw 2 of its levels.

You collected 134 gold pieces.

Inventory:

Hand Weapons
 d - a +1 rapier (weapon)
Missiles
 b - 96 stones
Armour
 i - a +1 hat (worn)
Scrolls
 a - a scroll of torment {unknown}
 c - 2 scrolls of enchant weapon
 e - a scroll of holy word {unknown}
 f - a scroll of fear {unknown}
 g - a scroll of enchant armour {unknown}
 h - a scroll of teleportation {unknown}


   Skills:
 - Level 2.0 Dodging
 + Level 3.4 Stealth
 + Level 2.4 Spellcasting
 + Level 1.6 Transmutations
 + Level 3.3 Earth Magic


You had 5 spell levels left.
You knew the following spells:

 Your Spells              Type           Power      Damage    Failure   Level
a - Sandblast             Erth           28%        2d8       4%          1

Your spell library contained the following spells:

 Spells                   Type           Power      Damage    Failure   Level
 Passwall                 Tmut/Erth      9%         N/A       10%         2
 Stone Arrow              Conj/Erth      16%        3d8       26%         3
 Petrify                  Tmut/Erth      11%        N/A       52%         4


Dungeon Overview and Level Annotations

Branches:
Dungeon (2/15)

Altars:

Annotations:
D:2 Sigmund


Innate Abilities, Weirdness & Mutations

You cannot wear most types of armour.
You are amphibious.
You can wear up to eight rings at the same time.
Your skin changes colour to match your surroundings (Stealth+).
Your rubbery body absorbs attacks. (AC +1, EV +1)
((You are camouflaged near water. (Stealth+)))
You have tentacles for arms and can constrict up to eight enemies at once.


Message History

There is an open door here.
Sigmund the Dreaded comes into view.
He is wielding a +0 vorpal scythe.
Found a stone staircase leading down.
Sigmund is nearby!
Sigmund is nearby!
Sigmund is nearby!
Sigmund is nearby!
The helpless Sigmund fails to defend himself.
You puncture Sigmund! Your grab misses Sigmund.
Sigmund is heavily wounded.
Sigmund points at you and mumbles some strange words.
The magic dart hits you.
You hit Sigmund. Your grab misses Sigmund.
Sigmund is severely wounded.
Sigmund says, "I'm your fate."
Sigmund gestures wildly while chanting.
Sigmund flickers and vanishes!
Deactivating autopickup; reactivate with Ctrl-A.
Unknown command.
Casting: Sandblast (safe; 4% risk of failure)
Confirm with . or Enter, or press ? or * to list all spells.
Okay, then.
Unknown command.
Casting: Sandblast (safe; 4% risk of failure)
Confirm with . or Enter, or press ? or * to list all spells.
Aiming: Sandblast (safe; 4% risk of failure)
Press: ? - help, Shift-Dir - straight line The blast of sand hits something.
Something hits you.
Casting: Sandblast (safe; 4% risk of failure)
Confirm with . or Enter, or press ? or * to list all spells.
Aiming: Sandblast (safe; 4% risk of failure)
Press: ? - help, Shift-Dir - straight line The blast of sand hits something.
Casting: Sandblast (safe; 4% risk of failure)
Confirm with . or Enter, or press ? or * to list all spells.
Aiming: Sandblast (safe; 4% risk of failure)
Press: ? - help, Shift-Dir - straight line The blast of sand hits something!
Something hits you!
Ouch! That really hurt!
You die...

################
##
#>.......@{....+
..
.#####.########
## #.....#
#####'### #....#
#....############
+....'.........[.
########
#....############
#...... ♣≈≈≈≈≈♣
##


There were no monsters in sight!

Vanquished Creatures
  3 dart slugs
  A bat (D:1)
  2 endoplasms (D:1)
  A goblin (D:1)
  3 hobgoblins (D:1)
  2 jackals (D:2)
  3 quokkas
  5 ball pythons
  A kobold (D:1)
  3 rats (D:1)
24 creatures vanquished.

Notes
Turn   | Place    | Note
-------+----------+-------------------------------------------
     0 | D:1      | Atelerd the Octopode Earth Elementalist began the quest for
                  | the Orb.
     0 | D:1      | Reached XP level 1. HP: 11/11 MP: 3/3
   160 | D:1      | Reached XP level 2. HP: 15/17 MP: 5/5
  1493 | D:2      | Reached XP level 3. HP: 21/21 MP: 6/6
  1897 | D:2      | Noticed Sigmund
  1904 | D:2      | Slain by Sigmund

Illustrated notes

Levels and vault maps discovered:
D:1:      noname_arrival_rooms_in_the_neighbourhood, layout_basic
D:2:      layout_basic, shapermc_ecumenical_altar_hornbeckon,
          serial_bayou_lake_a, uniq_sigmund

Skill      XL: |  1 |
---------------+----+-----
Stealth        | 3 |  3.4
Dodging        | |  2.0
Spellcasting   | |  2.4
Transmutations | |  1.6
Earth Magic    | |  3.3

Action                   || total
-------------------------++-------
Melee: Unarmed           ||    19
       Constrict         ||    11
       Tentacles         ||     4
       Rapier            ||    34
 Cast: Sandblast         ||     8
  Use: Scroll            ||     1
 Stab: Sleeping          ||    11
Armor: Skin              ||     2
Dodge: Dodged            ||    33
